 Dungeon Crawl Stone Soup version 0.20-a0-1124-g2e29d97 (webtiles) character file.

50 Finntroll the Cudgeler (level 3, -6/36 HPs)
             Began as a Troll Berserker on May 16, 2017.
             Was a Believer of Trog.
             Mangled by Sigmund
             ... wielding a +0 scythe
              (8 damage)
             ... on level 3 of the Dungeon.
             The game lasted 00:21:36 (1526 turns).

Finntroll the Cudgeler (Troll Berserker)            Turns: 1526, Time: 00:21:36

Health: -6/36      AC:  5    Str: 26    XL:     3   Next: 55%
Magic:  2/2        EV: 10    Int:  3    God:    Trog [**....]
Gold:   113        SH:  0    Dex:  9    Spells: 2/2 levels left

rFire    . . .     SeeInvis .   g - +0 long sword
rCold    . . .     Gourm    +   (no shield)
rNeg     . . .     Faith    .   d - +0 robe
rPois    .         Spirit   .   (helmet restricted)
rElec    .         Reflect  .   (no cloak)
rCorr    .         Harm     .   (gloves unavailable)
MR       .....                  (boots unavailable)
Stlth    +.........             (no amulet)
Regen    0.6/turn               (no ring)
MPRegen  0.1/turn               (no ring)

@: confused
A: unfitting armour, claws 3, fast metabolism 3, gourmand, regeneration 1,
shaggy fur 1, tough skin 2
a: Berserk, Trog's Hand, Burn Spellbooks, Renounce Religion


You were on level 3 of the Dungeon.
You worshipped Trog.
Trog was pleased with you.
You were full.

You visited 1 branch of the dungeon, and saw 3 of its levels.

You collected 113 gold pieces.

Inventory:

Hand Weapons
 a - a +0 mace
 g - a +0 long sword (weapon)
Missiles
 e - 4 stones (quivered)
 h - 37 arrows
 j - 42 bolts
 l - 8 poisoned needles
 o - 3 tomahawks
 p - 48 sling bullets
Armour
 b - a +0 animal skin
 d - a +0 robe (worn)
 f - a +0 leather armour
 i - a +0 ring mail
 k - a +0 leather armour
 n - a cursed -2 ring mail
Jewellery
 t - an uncursed ring of protection from cold {unknown}
Scrolls
 m - a scroll of identify {unknown}
 s - a scroll of enchant weapon {unknown}
 u - a scroll of fog {unknown}
 x - a scroll of recharging {unknown}
 y - a scroll of random uselessness {unknown}
Potions
 r - a potion of brilliance {unknown}
 v - a potion of curing {unknown}
 w - a potion of ambrosia {unknown}
Comestibles
 c - 3 bread rations
 q - 3 fruits
 z - a chunk of flesh


   Skills:
 + Level 2.6 Fighting
 + Level 3.5 Maces & Flails
 + Level 0.5 Throwing
 + Level 2.8 Dodging


You had 2 spell levels left.
You didn't know any spells.

Dungeon Overview and Level Annotations

Branches:
Dungeon (3/15)

Altars:

Annotations:
D:3 Sigmund


Innate Abilities, Weirdness & Mutations

You are too large for most types of armour.
You have claws for hands.
Your metabolism is lightning-fast.
You like to eat raw meat.
Your natural rate of healing is unusually fast.
You are covered in fur. (AC +1)
You have very tough skin. (AC +2)


Message History

Aim: Sigmund, wielding a scythe and wearing a robe (moderately wounded)
You throw a stone. The stone hits Sigmund.
Sigmund is moderately wounded.
Sigmund is suddenly surrounded by pale green light.
Sigmund casts a spell.
Sigmund flickers and vanishes!
Deactivating autopickup; reactivate with Ctrl-A.
Something hits you!
You barely miss something. Something hits you!
You miss something. Something hits you but does no damage.
You slash something!
You hear some strange, mumbled words.
You are confused.
You hit something. Something hits you.
You closely miss something. Something hits you!
* * * LOW HITPOINT WARNING * * *
Eat one of 2 chunks of flesh? (ye/n/q)
You eat one of the 2 chunks of flesh.
This raw flesh tastes great.
Something hits you!
You die...

#.# ####### #.#
#.# #.# #.#
#######.#####..
...............
#######.####...
#@# #{# #.....#
.(.#..# #.(.#
...# #...# ..#
..(.. ## ..(..
#.#.###


There were no monsters in sight!

Vanquished Creatures
  2 adders (D:2)
  A giant cockroach (D:1)
  4 goblins
  4 hobgoblins
  3 jackals (D:2)
  2 quokkas
  A ball python (D:1)
  6 bats
  2 frilled lizards
  4 kobolds
  A rat (D:1)
30 creatures vanquished.

Notes
Turn   | Place    | Note
-------+----------+-------------------------------------------
     0 | D:1      | Finntroll the Troll Berserker began the quest for the Orb.
     0 | D:1      | Reached XP level 1. HP: 22/22 MP: 0/0
   505 | D:1      | Reached XP level 2. HP: 23/29 MP: 1/1
   876 | D:2      | Reached skill level 3 in Maces & Flails
  1001 | D:2      | Reached XP level 3. HP: 36/36 MP: 2/2
  1502 | D:3      | Reached ** piety under Trog
  1504 | D:3      | Noticed Sigmund
  1525 | D:3      | HP: 1/36 [something (15)]
  1526 | D:3      | Mangled by Sigmund

Vault maps used:
D:1:      ncdulo_lavacross
D:3:      nicolae_overflow_crystal_walls, minmay_misc_feat_columns,
          uniq_sigmund, uniq_jessica

Skill      XL: |  1  2 |
---------------+-------+-----
Maces & Flails | 3 |  3.5
Fighting       | |  2.6
Throwing       | |  0.5
Dodging        | |  2.8

Action                   || total
-------------------------++-------
Melee: Mace              ||    52
       Long sword        ||    20
Throw: Stone             ||    47
  Use: Scroll            ||     1
  Eat: Chunk             ||    11
       Bread ration      ||     1
Armor: Robe              ||    54
Dodge: Dodged            ||    48
       Rpst.: Long sword ||     6
